AoeStats
← 从不压堡之人

Nomad

510487694Analyzed
4v4 RM · 1d ago on Oct 1, 2026· 31m 18s· 8 players
Game mode
Random Map
Map size
231×231
Population
200
Speed
Normal
Resources
Standard
Victory
Conquest
Starting age
Dark Age
Ending age
Imperial Age
RankedLock teamsTeams togetherTeam positionsShared explorationLock speedFull tech treeHidden civsTurbo modeCheats
Victory
Defeat
🇺🇸 Spanish · United States
1293
+12
🇳🇿 Khmer · New Zealand
1242
+14
🇨🇳 Malians · China
1139
+20
🇨🇳 Italians · China
1039
+23
🇨🇳 Spanish · China
1243
-19
🇨🇳 Mongols · China
1217
-18
🇹🇼 Goths · Taiwan
1172
-16
🇧🇷 Varangians · Brazil
1168
-16
PERCENT5175
14:14 Feudal Age
14:15 Man-at-Arms
22:30 Wheelbarrow
24:17 Castle Age
24:28 Fishing Lines
25:48 Gillnets
30:01 Loom
Onizuka
4:57 Loom
13:00 Feudal Age
13:27 Double-Bit Axe
20:08 Gold Mining
21:56 Fishing Lines
25:28 Castle Age
26:28 Medium Warships
26:46 Bow Saw
星辰AGE
6:29 Loom
15:41 Feudal Age
16:46 Town Watch
17:10 Fishing Lines
20:04 Castle Age
18:24 Double-Bit Axe
18:35 Fletching
19:53 Horse Collar
21:05 Bow Saw
20:51 Bodkin Arrow
22:11 Wheelbarrow
22:28 Medium Warships
24:19 Hand Cart
24:11 Padded Archer Armor
25:13 Gillnets
25:48 Leather Archer Armor
30:49 Imperial Age
29:34 Leather Archer Armor
你顶住我发展
5:10 Loom
14:47 Feudal Age
15:35 Fishing Lines
15:43 Double-Bit Axe
18:58 Castle Age
17:22 Stone Mining
17:23 Gold Mining
17:50 Horse Collar
19:23 Wheelbarrow
18:34 Town Watch
19:49 Bow Saw
19:31 Gillnets
20:27 Heavy Plow
23:17 Padded Archer Armor
24:47 Leather Archer Armor
Auto Horse
5:07 Loom
13:29 Feudal Age
15:13 Double-Bit Axe
17:47 Castle Age
17:17 Bloodlines
17:13 Scale Barding Armor
18:51 Bow Saw
19:54 Horse Collar
25:40 Wheelbarrow
26:59 Gold Mining
27:41 Chain Barding Armor
28:07 Stone Mining
33:36 Imperial Age
31:15 Padded Archer Armor
rukas
13:27 Feudal Age
16:14 Castle Age
15:16 Double-Bit Axe
20:11 Bow Saw
22:58 Loom
26:41 Town Watch
30:25 Horse Collar
从不压堡之人
7:23 Loom
14:40 Feudal Age
15:21 Double-Bit Axe
18:46 Wheelbarrow
23:05 Castle Age
24:47 Bow Saw
25:22 Forging
25:25 Medium Warships
26:20 Clinker Construction
27:11 Fletching
LLK是给
3:44 Loom
13:42 Feudal Age
17:37 Castle Age
18:39 Fletching
19:07 Town Watch
20:39 Gold Mining
22:14 Wheelbarrow
22:03 Forging
21:53 Scale Mail Armor
22:34 Fishing Lines
25:40 Scale Mail Armor
25:43 Squires
27:18 Tigui
28:30 Scale Barding Armor
30:34 Stone Mining
31:21 Gold Shaft Mining
34:13 Imperial Age
Connection lost

Rejoining the realm…

Still unreachable

The connection could not be restored.

Session expired

The server has moved on; the page needs a fresh start.